 Dungeon Crawl Stone Soup version 0.21.1-1-g345015f (webtiles) character file.

87 kae the Insei (level 4, -2/36 HPs)
             Began as a Draconian Transmuter on June 3, 2018.
             Slain by Natasha (7 damage)
             ... on level 2 of the Dungeon.
             The game lasted 00:01:15 (1566 turns).

kae the Insei (Draconian Transmuter)                Turns: 1566, Time: 00:01:16

Health: -2/36      AC:  5    Str: 12    XL:     4   Next: 28%
Magic:  3/7        EV: 12    Int: 14    God:
Gold:   48         SH:  0    Dex: 12    Spells: 1/7 levels left

rFire    . . .     SeeInvis .     - Unarmed
rCold    . . .     Gourm    .   (no shield)
rNeg     . . .     Faith    .   (armour unavailable)
rPois    .         Spirit   .   (helmet restricted)
rElec    .         Reflect  .   (no cloak)
rCorr    .         Harm     .   (no gloves)
MR       .....                  (no boots)
Stlth    +.........             (no amulet)
HPRegen  0.12/turn              (no ring)
MPRegen  0.10/turn              (no ring)

@: very slightly contaminated, slowed, very slow
A: unfitting armour, cold-blooded, AC +5
a: no special abilities


You were on level 2 of the Dungeon.
You were not hungry.

You visited 1 branch of the dungeon, and saw 2 of its levels.

You collected 48 gold pieces.

Inventory:

Missiles
 a - 9 arrows
Scrolls
 d - a scroll of random uselessness {unknown}
 e - a scroll of blinking {unknown}
 g - a scroll of remove curse {unknown}
 h - 2 scrolls of identify {unknown}
 k - a scroll of teleportation {unknown}
Potions
 f - a potion of curing {unknown}
 i - a potion of mutation {unknown}
 j - a potion of resistance {unknown}
Books
 b - a book of Changes

   Spells                             Type                      Level
   a - Beastly Appendage              Transmutation                1
   b - Sticks to Snakes               Transmutation                2
   c - Spider Form                    Transmutation/Poison         3
   d - Ice Form                       Ice/Transmutation            4
   e - Blade Hands                    Transmutation                5
Comestibles
 c - 4 rations


   Skills:
 + Level 1.9 Fighting
 + Level 2.2 Dodging
 * Level 3.7 Unarmed Combat
 + Level 2.3 Spellcasting
 * Level 3.0 Transmutations


You had one spell level left.
You knew the following spells:

 Your Spells              Type           Power        Failure   Level  Hunger
a - Beastly Appendage     Tmut           ##....       7%          1    #......
b - Sticks to Snakes      Tmut           ##......     10%         2    ###....
c - Spider Form           Tmut/Pois      #.........   36%         3    ###....


Dungeon Overview and Level Annotations

Branches:
Dungeon (2/15)

Altars:

Annotations:
D:2 Natasha


Innate Abilities, Weirdness & Mutations

Your plain brown scales are hard. (AC +5)
You cannot fit into any form of body armour.
You are cold-blooded and may be slowed by cold attacks.


Message History

No target in view!
You swap places.
You hear some strange, mumbled words.
You feel yourself slow down.
You closely miss something.
Your tail-slap misses something.
Something claws you.
You hit something but do no damage. Something claws you but does no damage.
Something claws you.
You hit something but do no damage. Something claws you!
You miss something. Something claws you. x2
You miss something. You tail-slap something. Something claws you.
* * * LOW HITPOINT WARNING * * *
Casting: Sticks to Snakes
Confirm with . or Enter, or press ? or * to list all spells.
You miscast Spider Form.
You are very lightly contaminated with residual magic.
Strange energies run through your body. Something claws you.
* * * LOW HITPOINT WARNING * * *
Something claws you!
You die...

########### #..........#
... #####.########.#
....# .......# #.# .....
#####..#### #.# .....#
..........####.#####.....
##.##..##.#.....(......
##.##..##........#.#.#.#
##.##..........{@S.....#
............##..#.##.###
...#.>#.######..#.# # ###
####....######..(.# ..#
####....)......##(# #.#
.#............###.# #.#
.#.#.#..#####.# #(# #.#
.#.#.##.# #.# #.# #.#
.#.#.##.# #.# #.# #.#


You could see a friendly ball python.

Vanquished Creatures
  2 adders (D:2)
  3 dart slugs
  2 leopard geckos (D:1)
  4 bats
  3 giant cockroaches
  8 goblins
  3 hobgoblins (D:1)
  3 jackals (D:2)
  6 kobolds
  4 frilled lizards
  6 rats
44 creatures vanquished.

Vanquished Creatures (collateral kills)
  Natasha (D:2)
  A worm (D:2)
2 creatures vanquished.

Grand Total: 46 creatures vanquished

Notes
Turn   | Place    | Note
-------+----------+-------------------------------------------
     0 | D:1      | kae the Draconian Transmuter began the quest for the Orb.
     0 | D:1      | Reached XP level 1. HP: 16/16 MP: 3/3
    80 | D:1      | Reached XP level 2. HP: 23/23 MP: 5/5
   394 | D:1      | Learned a level 2 spell: Sticks to Snakes
   718 | D:1      | Reached XP level 3. HP: 28/28 MP: 6/6
   723 | D:1      | Learned a level 3 spell: Spider Form
  1352 | D:2      | Noticed Natasha
  1360 | D:2      | Killed Natasha
  1360 | D:2      | Reached XP level 4. HP: 20/36 MP: 4/7
  1556 | D:2      | Noticed Natasha
  1566 | D:2      | Slain by Natasha

Skill      XL: |  1  2  3 |
---------------+----------+-----
Dodging        | 2 |  2.2
Transmutations | 3 |  3.0
Fighting       | |  1.9
Unarmed Combat | |  3.7
Spellcasting   | |  2.3

Action                   |  1- 3 |  4- 6 || total
-------------------------+-------+-------++-------
Melee: Unarmed           |   145 |    13 ||   158
       Headbutt          |     6 |       ||     6
       Tailslap          |     5 |     2 ||     7
       Kick              |     1 |       ||     1
       Punch             |     1 |       ||     1
 Cast: Beastly Appendage |    10 |       ||    10
       Sticks to Snakes  |     2 |     1 ||     3
 Stab: Sleeping          |     2 |       ||     2
  Eat: Chunk             |     2 |     1 ||     3
Armor: Skin              |    29 |     6 ||    35
Dodge: Dodged            |    74 |     8 ||    82
